AoeStats
← Frankis Khan

Arabia

505883181Analyzed
1v1 RM · 21d ago on Sep 11, 2026· 31m 34s· 2 players
Game mode
Random Map
Map size
Tiny (2 player)
Population
200
Speed
Normal
Resources
Standard
Victory
Conquest
Starting age
Dark Age
Ending age
Imperial Age
RankedLock teamsTeams togetherTeam positionsShared explorationLock speedFull tech treeHidden civsTurbo modeCheats
Victory
Defeat
🇨🇦 Celts · Canada
554
+14
🇨🇱 Spanish · Chile
506
-14
Sirk3771
9:31 Feudal Age
11:16 Double-Bit Axe
12:41 Loom
20:21 Castle Age
20:09 Bloodlines
20:25 Light Cavalry
21:07 Husbandry
Frankis Khan
11:45 Feudal Age
15:50 Castle Age
19:14 Loom
Connection lost

Rejoining the realm…

Still unreachable

The connection could not be restored.

Session expired

The server has moved on; the page needs a fresh start.